[Event "CCT Julius Baer-D3 2024"]
[Site "Online"]
[Date "2024.09.27"]
[Round "1.3"]
[White "Alekseenko, Kirill"]
[Black "Duda, Jan-Krzysztof"]
[Result "1/2-1/2"]
[ECO "C50"]
[WhiteElo "2626"]
[BlackElo "2744"]
[Annotator "TA"]
[PlyCount "121"]
[EventDate "2024.09.25"]
[EventType "swiss"]
[EventCountry "NET"]
[SourceTitle "playchess.com"]
[Source "ChessBase"]
[SourceQuality "1"]
[TimeControl "600+2"]

1. e4 e5 2. Nf3 Nc6 3. Bc4 Bc5 4. d3 Nf6 5. Nc3 d6 6. Na4 Bb6 {[%emt 0:00:03] C50: Hungarian Defence and Giuoco Pianissimo.} 7. a3 O-O 8. O-O h6 9. h3 Be6 10. Bxe6 fxe6 11. c3 {[%emt 0:00:23] 11.b4 is setting a new trend.} Qd7 12. b4 Rf7 13. Nxb6 axb6 14. a4 Ne7 15. Be3 Ng6 16. a5 $146 ({Predecessor:} 16. Nh2 Raf8 17. Ra2 d5 18. exd5 exd5 19. a5 d4 20. Bd2 e4 21. axb6 dxc3 22. Bxc3 {½-½ Fuentes,A (1986)-Unhold,V (2174) Villa Ballester op 73rd 2024 (3)}) 16... bxa5 17. bxa5 d5 18. exd5 exd5 19. d4 exd4 20. Qxd4 Qc6 21. Rfd1 Re8 (21... Qa6 $11 {remains equal.}) 22. Qd3 Ne5 23. Nxe5 Rxe5 24. a6 bxa6 25. Rxa6 Qd7 26. Bxh6 gxh6 27. Qg6+ Rg7 28. Qxf6 Reg5 29. Qxh6 Rxg2+ 30. Kh1 Qf5 31. Ra8+ Kf7 32. Qe3 $1 (32. Qh8 $2 {is a self mate.} Rh2+ (32... Qxf2 33. Rf8+ Ke6 34. Rxf2 Rxf2 35. Qxg7 Rf4 36. Qg6+ Ke7 37. Qg5+ Rf6 38. Re1+ Kf7 39. Qh5+ Kg8 40. Re8+ Kg7 41. Re7+) (32... Rg1+ {gets mated.} 33. Rxg1 Qf3+ 34. Kh2 Qxf2+ 35. Kh1 Rxg1#) 33. Kxh2 Qxf2+ 34. Kh1 Qg2#) 32... Qe4 $1 33. Qxe4 dxe4 34. Rd7+ Ke6 35. Rxg7 Rxg7 36. Re8+ Kd5 37. Kh2 Rf7 38. Kg2 Rg7+ 39. Kf1 Rh7 40. Kg2 Rg7+ 41. Kh2 Rf7 42. Kg3 Rf3+ 43. Kg2 Rxc3 44. h4 Rf3 45. h5 Rf5 46. h6 Rg5+ 47. Kf1 Rh5 48. Rh8 Kc4 49. Ke2 Rh3 50. h7 c5 51. Kd2 Rd3+ 52. Ke1 Rh3 53. Ke2 Kc3 54. Rc8 Rxh7 55. Rxc5+ Kd4 56. Ra5 Rc7 57. Ra4+ Rc4 58. Rxc4+ Kxc4 59. Ke3 Kd5 60. f3 exf3 61. Kxf3 1/2-1/2

[Event "CCT Julius Baer-D3 2024"]
[Site "Online"]
[Date "2024.09.27"]
[Round "1.3"]
[White "Santos Latasa, Jaime"]
[Black "Sargissian, Gabriel"]
[Result "1-0"]
[ECO "C55"]
[WhiteElo "2624"]
[BlackElo "2646"]
[Annotator "TA"]
[PlyCount "119"]
[EventDate "2024.09.25"]
[EventType "swiss"]
[EventCountry "NET"]
[SourceTitle "playchess.com"]
[Source "ChessBase"]
[SourceQuality "1"]
[TimeControl "600+2"]

1. e4 e5 2. Nf3 Nc6 3. Bc4 Nf6 4. d3 Be7 5. O-O O-O 6. Nc3 d6 7. a4 $1 {[%emt 0:00:03][%mdl 4] is recently more successful than 7.h3. C55: Two Knights: 4 d3, 4 d4 exd4 5 e5 and Max Lange Attack.} Bg4 8. h3 Bh5 9. Nd5 Nxd5 10. Bxd5 Qc8 11. Be3 Kh8 12. g4 Bg6 13. a5 a6 14. c3 $5 $146 {[%emt 0:00:01][%mdl 8] New and interesting.} ({Predecessor:} 14. Nh2 Nd8 15. f4 exf4 16. Bxf4 c6 17. Bb3 d5 18. exd5 cxd5 19. Be3 Bc5 20. d4 {0-1 Duda,J (2740)-Aronian,L (2775) Miami FTX Crypto Cup rapid 2022 (2.1)}) 14... Nd8 15. Kh2 c6 16. Ba2 Ne6 17. Qd2 Qc7 18. Bxe6 fxe6 19. Qe2 Qd8 20. c4 c5 21. Kg1 b5 22. axb6 Qxb6 23. b4 Qc7 24. bxc5 dxc5 25. Ra3 a5 26. Rfa1 Be8 27. Nd2 a4 28. Nb1 Bc6 {[%emt 0:00:28] [#]} 29. Nc3 $1 Ra5 (29... Qd7 30. Qc2) 30. Bd2 (30. Nxa4 $2 Rfa8 31. Qd1 Qa7 $19) 30... Rfa8 31. Qd1 (31. Nb5 $1 $16 Rxb5 32. cxb5 Bxb5 33. Rc3) 31... Qd7 32. Qc2 R5a6 33. Be3 h6 34. Kg2 Kh7 35. Rb1 R6a7 36. Nb5 Ra5 37. Nc3 R5a7 38. Rba1 Qe8 39. Ne2 Rb7 40. Bd2 Rab8 41. Bc3 Bd6 42. Ng1 Qf8 43. Nf3 Qf6 44. Qe2 Rb3 ({Black should play} 44... Rf8 $15) 45. Nd2 Rxa3 46. Rxa3 Qf4 47. Qe3 Bd7 48. Nf3 Rb3 {[%emt 0:00:04] [#]} (48... Bc6 $11 {keeps the balance.}) 49. Rxb3 $1 $16 axb3 50. Nd2 (50. Qe1 $16) 50... Ba4 $11 51. Nf3 ({Better is} 51. Qe2 $14) 51... Qxe3 (51... Bd7 $11 {remains equal.}) 52. fxe3 $16 Bc7 53. Kf2 Ba5 $2 (53... h5 $16 54. Ba1 (54. Bxe5 $2 Bxe5 55. Ng5+ Kg8 $19) (54. gxh5 Kh6 $16) 54... Kg8 (54... hxg4 55. hxg4 Bd8 56. Ke1 $16)) 54. Bxa5 $18 b2 55. Nd2 $1 (55. Nxe5 $2 {loses.} b1=Q (55... b1=R 56. d4 $14) 56. Bc7 Bc2 $19) 55... Bc2 56. Ke2 b1=Q 57. Nxb1 Bxb1 58. Bc3 Kg6 $2 (58... g6 59. Kd2 (59. Bxe5 Bc2 $18) 59... Kg8) 59. Bxe5 $18 Kf7 60. Bd6 1-0

[Event "CCT Julius Baer-D3 2024"]
[Site "Online"]
[Date "2024.09.27"]
[Round "1.3"]
[White "Rud_Makarian"]
[Black "Chopper"]
[Result "1-0"]
[ECO "D38"]
[WhiteElo "2616"]
[BlackElo "2612"]
[Annotator "ChessBase"]
[PlyCount "113"]
[EventDate "2024.09.25"]
[EventType "swiss"]
[EventCountry "NET"]
[SourceTitle "playchess.com"]
[Source "ChessBase"]
[SourceQuality "1"]
[TimeControl "600+2"]

1. d4 Nf6 2. c4 e6 3. Nf3 d5 4. Nc3 Bb4 5. Qa4+ Nc6 6. Bd2 O-O 7. a3 Bd6 8. c5 Be7 9. Bf4 Nh5 10. e3 Bd7 11. Bb5 a6 12. Bxc6 Bxc6 13. Qc2 b6 14. cxb6 cxb6 15. O-O Nxf4 16. exf4 Bd6 17. Ne5 Be8 18. Qd2 Rc8 19. Rfe1 f6 20. Nf3 Bf7 21. Qd3 Bxf4 22. Qxa6 Rc6 23. g3 Bh6 24. Kg2 Qd7 25. h4 Rfc8 26. Qe2 Rc4 27. Rad1 R4c6 28. Nh2 g6 29. Ng4 Bg7 30. Qf3 Qd8 31. Qe3 Qf8 32. Qf4 Be8 33. Qf3 h6 34. Kg1 g5 35. Ne3 gxh4 36. gxh4 Kh8 37. Kh2 h5 38. Rg1 Bh6 39. Rg2 R8c7 40. Rdg1 Rg7 41. Rxg7 Bxg7 42. Ne2 Bh6 43. Kh1 Rc7 44. Nf4 Bxf4 45. Qxf4 Rg7 46. Rxg7 Qxg7 47. Qb8 Qg6 48. Kh2 Kg7 49. Qxb6 Qe4 50. Qc7+ Kh6 51. Ng2 Qxd4 52. Qe7 Qe5+ 53. f4 Qxb2 54. Qxe8 Qe2 55. Qh8+ Kg6 56. Qg8+ Kh6 57. Qf7 1-0

[Event "CCT Julius Baer-D3 2024"]
[Site "Online"]
[Date "2024.09.27"]
[Round "1.3"]
[White "Bosiocic"]
[Black "Svane, Rasmus"]
[Result "1-0"]
[ECO "C65"]
[WhiteElo "2615"]
[BlackElo "2644"]
[Annotator "ChessBase"]
[PlyCount "83"]
[EventDate "2024.09.25"]
[EventType "swiss"]
[EventCountry "NET"]
[SourceTitle "playchess.com"]
[Source "ChessBase"]
[SourceQuality "1"]
[TimeControl "600+2"]

1. e4 e5 2. Nf3 Nc6 3. Bb5 Nf6 4. d3 Bc5 5. Bg5 h6 6. Bh4 O-O 7. Nc3 Re8 8. Qd2 a6 9. Ba4 b5 10. Bb3 Be7 11. g4 Nxe4 12. Nxe4 Bxh4 13. Bd5 Rb8 14. g5 Bxg5 15. Nfxg5 hxg5 16. Nxg5 Rf8 17. Qe3 Nb4 18. Bb3 d5 19. Rg1 Rb6 20. O-O-O Rh6 21. a3 Nc6 22. c3 Rh5 23. Rg3 g6 24. Rdg1 Kh8 25. Qf3 Qe7 26. Bxd5 Nd8 27. Kb1 Bf5 28. Ka1 c6 29. Be4 Bxe4 30. Nxe4 Ne6 31. Nf6 Rh6 32. Rh3 Rxh3 33. Qxh3+ Kg7 34. Nh5+ Kg8 35. Qe3 Rd8 36. Qxe5 Qc5 37. Rxg6+ fxg6 38. Qxe6+ Kh7 39. Qf7+ Kh6 40. Nf6 Rf8 41. Qh7+ Kg5 42. Ne4+ 1-0

[Event "CCT Julius Baer-D3 2024"]
[Site "Online"]
[Date "2024.09.27"]
[Round "1.3"]
[White "Kamsky, Gata"]
[Black "Esipenko, Andrey"]
[Result "1/2-1/2"]
[ECO "C78"]
[WhiteElo "2609"]
[BlackElo "2677"]
[Annotator "TA"]
[PlyCount "107"]
[EventDate "2024.09.25"]
[EventType "swiss"]
[EventCountry "NET"]
[SourceTitle "playchess.com"]
[Source "ChessBase"]
[SourceQuality "1"]
[TimeControl "600+2"]

1. e4 e5 2. Nf3 Nc6 3. Bb5 a6 4. Ba4 Nf6 5. O-O b5 6. Bb3 Bc5 7. a4 Rb8 8. axb5 axb5 9. c3 d6 10. d4 Bb6 11. h3 O-O 12. Be3 h6 13. Nbd2 Re8 14. Re1 exd4 15. cxd4 Nb4 16. d5 c5 17. dxc6 {[%emt 0:00:03][%cal Ob3f7] [#] Bxf7+! would now be deadly.} Nxc6 18. Bxb6 Qxb6 19. Qe2 Be6 20. Bxe6 Rxe6 21. Qe3 Qxe3 22. Rxe3 d5 23. Rae1 dxe4 24. Nxe4 Nd5 25. Rd3 Nf4 (25... Ncb4 $5 26. Rdd1 $8 Nf4 $11) 26. Rde3 Nb4 {[%emt 0:00:21] [#] ...Nc2 is the strong threat.} 27. Nc3 Nbd3 {[%emt 0:00:35] Threatens to win with ...b4.} 28. Rxe6 Nxe6 29. Rd1 Nec5 (29... Nxb2 $5 30. Rb1 $8 Nd3 $14) 30. b4 Nxb4 {[%emt 0:00:01] Strongly threatening ...Nbd3.} 31. Rb1 (31. Nd4 $11 {keeps the balance.}) 31... Ncd3 ({Better is} 31... Na4 $1 $17 32. g3 Nxc3 33. Rxb4 Nd5) 32. Nd4 {[%emt 0:00:01] The position is equal.} Rc8 33. Ncxb5 Rc4 34. g3 g6 35. h4 h5 36. Kf1 Rc8 37. Nd6 Ra8 38. Nf3 Ra2 39. Ne4 Kg7 40. Ned2 f6 41. Ke2 Ra5 42. Ke3 Ra8 43. Ke2 Ra7 44. Kf1 Ra2 45. Ke2 Kh6 46. Ke3 Ra8 47. Ke2 Ra7 48. Kf1 Ra2 49. Ke2 g5 50. hxg5+ fxg5 51. Ke3 g4 52. Nd4 Ra3 {[%emt 0:00:06] Hoping for ...Nd5+.} 53. Rb3 Rxb3 54. N2xb3 {[%emt 0:00:03] Weighted Error Value: White=0.04 (flawless) /Black=0.03 (flawless) .  Mistake:       	White=1     	Black=1      OK:         	White=24    	Black=13} 1/2-1/2

[Event "CCT Julius Baer-D3 2024"]
[Site "Online"]
[Date "2024.09.27"]
[Round "1.3"]
[White "Kobalia, Mikhail"]
[Black "Sindarov, Javokhir"]
[Result "0-1"]
[ECO "B33"]
[WhiteElo "2543"]
[BlackElo "2677"]
[Annotator "TA"]
[PlyCount "84"]
[EventDate "2024.09.25"]
[EventType "swiss"]
[EventCountry "NET"]
[SourceTitle "playchess.com"]
[Source "ChessBase"]
[SourceQuality "1"]
[TimeControl "600+2"]

1. e4 c5 2. Nf3 e6 3. d4 cxd4 4. Nxd4 Nf6 5. Nc3 Nc6 6. Ndb5 d6 7. Bf4 e5 8. Bg5 a6 9. Na3 b5 10. Nd5 Be7 11. Bxf6 Bxf6 12. c4 b4 13. Nc2 a5 14. Be2 O-O 15. O-O Be6 16. Qd3 Bxd5 {[%emt 0:00:03] The position is equal.} 17. cxd5 Nb8 18. Ne3 Nd7 19. Rac1 Bg5 20. Rc6 Nc5 21. Qc2 (21. Rxc5 $1 $11 Bxe3 (21... dxc5 22. Nc4 $14) 22. Rc6) 21... Bxe3 $17 22. fxe3 g6 23. g3 Qe7 24. Kg2 Ra7 25. h4 Kg7 26. Rd1 Rc7 27. Bb5 Rb8 28. Ba4 Qd8 29. b3 (29. Rf1 $17) 29... Rbb7 (29... Qc8 $19 {Hoping for ...Rxc6.} 30. Rc1 Rxc6 31. dxc6 Qg4) 30. Qc4 (30. Rc1 $17 {might work better.}) 30... Qc8 $19 31. Rc1 (31. Bb5 $17) 31... Qg4 32. Qf1 {[%emt 0:00:01][%cal Oc1c5] [#]} Nxe4 33. Qf3 Qxf3+ 34. Kxf3 Nc3 35. Rxd6 (35. a3 $142) 35... e4+ (35... Nxa2 36. Rxc7 e4+ (36... Rxc7 37. Rc6 $16) 37. Kg2 (37. Kxe4 Rxc7 38. Kd4 Nc3 $16) 37... Rxc7 38. Rc6 $14) 36. Kg2 Nxa4 (36... Nxa2 37. Rxc7 Rxc7 38. Rc6 $18) 37. Rxc7 Rxc7 38. bxa4 {[%emt 0:00:02] KR-KR} Rc2+ 39. Kh3 Rxa2 {[%emt 0:00:00] Black is clearly winning.} 40. Ra6 (40. Rb6 $142 Rxa4 41. Kg4) 40... Rxa4 {[%emt 0:00:01] [#] ( -> ...b3)} 41. d6 {[%emt 0:00:01] Threatening mate with d7.} Kf6 {[%emt 0:00:10] Strongly threatening ...b3.} 42. Kg4 b3 {[%emt 0:00:00] Weighted Error Value: White=0.57/Black=0.10 (very precise) .  Mistake:       	White=6     	Black=1      Inaccurate:     	White=2     	Black=1      OK:         	White=7     	Black=13     Best:        	White=2     	Black=4} 0-1

[Event "CCT Julius Baer-D3 2024"]
[Site "Online"]
[Date "2024.09.27"]
[Round "1.3"]
[White "Korobov, Anton"]
[Black "Infernal_XaM"]
[Result "1/2-1/2"]
[ECO "E43"]
[WhiteElo "2537"]
[BlackElo "2550"]
[Annotator "ChessBase"]
[PlyCount "105"]
[EventDate "2024.09.25"]
[EventType "swiss"]
[EventCountry "NET"]
[SourceTitle "playchess.com"]
[Source "ChessBase"]
[SourceQuality "1"]
[TimeControl "600+2"]

1. d4 Nf6 2. c4 e6 3. Nc3 Bb4 4. Nf3 b6 5. e3 Bxc3+ 6. bxc3 Bb7 7. Bd3 d6 8. O-O Nbd7 9. Nd2 e5 10. e4 Qe7 11. Re1 c5 12. Bb2 Nf8 13. Nf1 Ng6 14. f3 Nf4 15. Bc2 O-O-O 16. Ne3 g5 17. a4 g4 18. fxg4 h5 19. Nf5 Qd7 20. g5 Rhg8 21. h4 Ng4 22. dxe5 Nxe5 23. Rf1 Nfg6 24. Qe2 Qe6 25. a5 f6 26. axb6 axb6 27. Bc1 Ng4 28. gxf6 Qxf6 29. e5 Qxe5 30. Qxe5 N4xe5 31. Rd1 Kc7 32. Bg5 Rd7 33. Ra7 Kb8 34. Rxb7+ Kxb7 35. Nxd6+ Kb8 36. Bf5 Ra7 37. Nb5 Nxh4 38. Bxh4 Nf3+ 39. Kh1 Nxh4 40. Nxa7 Nxf5 41. Rd7 Rg6 42. Nb5 Ne3 43. Nd6 Nxg2 44. Rb7+ Ka8 45. Rxb6 Ne1 46. Rb1 Nd3 47. Ne4 Rg4 48. Nd6 h4 49. Kh2 Ne5 50. Rf1 Nxc4 51. Kh3 Rg3+ 52. Kxh4 Rxc3 53. Ne4 1/2-1/2

[Event "CCT Julius Baer-D3 2024"]
[Site "Online"]
[Date "2024.09.27"]
[Round "1.3"]
[White "Kobalia"]
[Black "Javokhir_Sindarov05"]
[Result "0-1"]
[ECO "B33"]
[WhiteElo "2407"]
[BlackElo "2554"]
[Annotator "NA"]
[PlyCount "84"]
[EventDate "2024.09.25"]
[EventType "swiss"]
[EventCountry "NET"]
[SourceTitle "playchess.com"]
[Source "ChessBase"]
[SourceQuality "1"]
[TimeControl "600+2"]

1. e4 c5 2. Nf3 e6 3. d4 cxd4 4. Nxd4 Nf6 5. Nc3 Nc6 6. Ndb5 d6 7. Bf4 e5 8. Bg5 a6 9. Na3 b5 10. Nd5 Be7 11. Bxf6 Bxf6 12. c4 b4 13. Nc2 a5 14. Be2 O-O 15. O-O Be6 16. Qd3 Bxd5 17. cxd5 Nb8 18. Ne3 Nd7 19. Rac1 Bg5 20. Rc6 Nc5 21. Qc2 Bxe3 22. fxe3 g6 23. g3 Qe7 24. Kg2 Ra7 25. h4 Kg7 26. Rd1 Rc7 27. Bb5 Rb8 28. Ba4 Qd8 29. b3 Rbb7 30. Qc4 Qc8 31. Rc1 Qg4 32. Qf1 Nxe4 33. Qf3 Qxf3+ 34. Kxf3 Nc3 35. Rxd6 e4+ 36. Kg2 Nxa4 37. Rxc7 Rxc7 38. bxa4 Rc2+ 39. Kh3 Rxa2 40. Ra6 Rxa4 41. d6 Kf6 42. Kg4 b3 0-1

[Event "CCT Julius Baer-D3 2024"]
[Site "Online"]
[Date "2024.09.27"]
[Round "1.4"]
[White "Caruana, Fabiano"]
[Black "Martirosyan, Haik M."]
[Result "1-0"]
[ECO "E41"]
[WhiteElo "2798"]
[BlackElo "2667"]
[Annotator "TA"]
[PlyCount "83"]
[EventDate "2024.09.25"]
[EventType "swiss"]
[EventCountry "NET"]
[SourceTitle "playchess.com"]
[Source "ChessBase"]
[SourceQuality "1"]
[TimeControl "600+2"]

1. d4 Nf6 2. c4 e6 3. Nc3 Bb4 4. e3 O-O 5. Bd3 Bxc3+ 6. bxc3 d6 7. e4 e5 8. Ne2 c5 9. O-O Nc6 10. h3 ({Better is} 10. d5 $14 Ne7 11. Ng3) 10... exd4 11. cxd4 cxd4 12. Bb2 {[%emt 0:00:08] The position is equal.} Nd7 13. Nxd4 Nxd4 14. Bxd4 b6 15. Re1 Bb7 16. Rc1 Re8 17. f3 Rc8 18. Bf1 Re6 19. Qd2 h6 20. Red1 Qe7 21. Rc3 Rg6 22. a4 Bc6 23. Re3 a5 24. Rb1 Rb8 25. Qc2 Re6 26. Ra3 Nc5 27. Ra2 Qe8 28. Qf2 Nxa4 29. Ra3 Nc5 30. e5 Rxe5 (30... dxe5 $17 31. Bxc5 bxc5 32. Rxb8 Qxb8 33. Rxa5 e4 34. fxe4 Rf6 (34... Bxe4 35. Rxc5 Kh7 36. Rb5 $15)) 31. Bxe5 $11 Qxe5 (31... dxe5 $11 32. Qe3 a4) 32. Rxa5 $16 bxa5 33. Rxb8+ Kh7 {[%emt 0:00:00] [#]} (33... Be8 $16 34. Qe2 Qxe2 35. Bxe2 Kf8) 34. Rb6 $1 $18 Bd7 35. Qd2 a4 36. Rxd6 ({Inferior is} 36. Qxd6 Qe3+ 37. Kh2 a3 $14) 36... Be6 {[%emt 0:00:24] Inhibits Rd5.} 37. Qd4 Qg5 {[%emt 0:02:17] [#]} (37... Qxd4+ {is tougher.} 38. Rxd4 a3) 38. f4 {[%emt 0:00:05] White is clearly winning.} Qh5 39. g4 Qh4 40. Qxc5 Qg3+ 41. Bg2 a3 42. Ra6 {[%emt 0:00:10] Weighted Error Value: White=0.13 (very precise) /Black=0.37.  Mistake:       	White=1     	Black=4      Inaccurate:     	White=1     	Black=3      OK:         	White=9     	Black=8      Best:        	White=2     	---} 1-0

[Event "CCT Julius Baer-D3 2024"]
[Site "Online"]
[Date "2024.09.27"]
[Round "1.4"]
[White "Duda, Jan-Krzysztof"]
[Black "Alekseenko, Kirill"]
[Result "1/2-1/2"]
[ECO "C75"]
[WhiteElo "2732"]
[BlackElo "2679"]
[Annotator "RC"]
[PlyCount "128"]
[EventDate "2024.09.25"]
[EventType "swiss"]
[EventCountry "NET"]
[SourceTitle "playchess.com"]
[Source "ChessBase"]
[SourceQuality "1"]
[TimeControl "600+2"]

1. e4 e5 2. Nf3 Nc6 3. Bb5 a6 4. Ba4 d6 5. c3 Bd7 6. O-O Nge7 7. d4 Ng6 8. Re1 Be7 9. Nbd2 O-O 10. Nf1 exd4 11. cxd4 Bg4 12. Bxc6 bxc6 13. Ne3 Bd7 14. g3 Re8 15. Bd2 Bf8 16. Ng2 Bg4 17. h3 Bxh3 18. Ng5 Bd7 19. f4 h6 20. Nf3 d5 21. e5 c5 22. dxc5 Bxc5+ 23. Be3 Bb4 24. Rf1 Bg4 25. Rc1 Bf8 26. Bc5 Rb8 27. Qd2 Bxc5+ 28. Rxc5 Bxf3 29. Rxf3 Ne7 30. b4 c6 31. Kh2 Rb5 32. Rxb5 cxb5 33. Rd3 Qd7 34. Ne3 Rd8 35. Rd4 Qe6 36. a3 h5 37. Qd1 g6 38. Qd2 Kg7 39. Qd3 Rc8 40. Qd2 Nf5 41. Nxf5+ Qxf5 42. Qd3 Rc2+ 43. Kg1 Rc1+ 44. Kg2 Qg4 45. f5 Rc2+ 46. Kg1 Rc1+ 47. Kg2 Rc2+ 48. Qxc2 Qxd4 49. f6+ Kh6 50. Qc7 Qd2+ 51. Kf1 Qd1+ 52. Kf2 Qd2+ 53. Kf1 Qd3+ 54. Kg2 Qe4+ 55. Kf2 Qd4+ 56. Kg2 Kg5 57. e6 Qe4+ 58. Kg1 Qe1+ 59. Kg2 Qe2+ 60. Kg1 Qe3+ 61. Kg2 Qe4+ 62. Kg1 Qe1+ 63. Kg2 Qe2+ 64. Kg1 Qe1+ 1/2-1/2

[Event "CCT Julius Baer-D3 2024"]
[Site "Online"]
[Date "2024.09.27"]
[Round "1.4"]
[White "Sarana, Alexey"]
[Black "Niemann, Hans Moke"]
[Result "1/2-1/2"]
[ECO "D15"]
[WhiteElo "2713"]
[BlackElo "2733"]
[Annotator "RC"]
[PlyCount "62"]
[EventDate "2024.09.25"]
[EventType "swiss"]
[EventCountry "NET"]
[SourceTitle "playchess.com"]
[Source "ChessBase"]
[SourceQuality "1"]
[TimeControl "600+2"]

1. d4 d5 2. c4 c6 3. Nc3 Nf6 4. Nf3 a6 5. g3 dxc4 6. Bg2 b5 7. Ne5 e6 8. O-O Bb7 9. b3 cxb3 10. Qxb3 Be7 11. Rd1 O-O 12. a4 b4 13. a5 Nbd7 14. Nc4 Nd5 15. Na4 c5 16. e4 N5f6 17. dxc5 Qc7 18. Nd6 Bc6 19. Be3 Bxa4 20. Qxa4 Nxc5 21. Bxc5 Qxc5 22. Rac1 Qh5 23. Qxb4 Rab8 24. Qc4 Qxa5 25. Ra1 Qh5 26. Qxa6 Ng4 27. Qe2 Qxh2+ 28. Kf1 Qh5 29. Kg1 Qh2+ 30. Kf1 Qh5 31. Kg1 Qh2+ 1/2-1/2

[Event "CCT Julius Baer-D3 2024"]
[Site "Online"]
[Date "2024.09.27"]
[Round "1.4"]
[White "Deac, Bogdan-Daniel"]
[Black "Yoo, Christopher Woojin"]
[Result "1/2-1/2"]
[ECO "E12"]
[WhiteElo "2680"]
[BlackElo "2603"]
[Annotator "TA"]
[PlyCount "76"]
[EventDate "2024.09.25"]
[EventType "swiss"]
[EventCountry "NET"]
[SourceTitle "playchess.com"]
[Source "ChessBase"]
[SourceQuality "1"]
[TimeControl "600+2"]

1. Nf3 Nf6 2. c4 b6 3. d4 e6 4. a3 Bb7 5. Nc3 d5 6. Bg5 Be7 7. Qa4+ Qd7 8. Qb3 dxc4 (8... c5 {seems wilder.} 9. cxd5 Nxd5 10. Ne5 Qd8) 9. Qxc4 Nc6 10. Rd1 {[%emt 0:00:07] White is slightly better.} O-O 11. e3 Rfd8 12. Be2 (12. Bxf6 $14 Bxf6 13. b4) 12... Na5 $11 13. Qb5 Qxb5 14. Bxb5 c6 15. Be2 {[%emt 0:00:23] [#] Black must now prevent b4.} c5 16. dxc5 Rxd1+ 17. Kxd1 bxc5 18. Kc2 h6 19. Bh4 g5 20. Bg3 Ne4 21. Nxe4 Bxe4+ 22. Bd3 Bxd3+ 23. Kxd3 Bf6 24. Be5 Bxe5 25. Nxe5 {[%emt 0:00:04][%mdl 4096] Endgame. KRN-KRN} f6 26. Nf3 Rb8 27. Kc3 Kf7 28. Nd2 f5 29. b3 Ke7 30. f3 h5 31. h3 h4 32. Rd1 Rd8 33. Re1 Kf6 34. e4 Nc6 35. exf5 (35. Nc4 $11) 35... exf5 $15 36. Nc4 Nd4 37. a4 Ne6 38. Re5 {[%emt 0:01:34] [#]} ({White should try} 38. Ne3 $15) 38... Rd1 $1 {[%emt 0:00:09] Weighted Error Value: White=0.15 (very precise) /Black=0.05 (flawless) .  Mistake:       	White=3     	---        Inaccurate:     	White=2     	Black=2      OK:         	White=11    	Black=16     Best:        	White=1     	---        Strong:       	---       	Black=1} 1/2-1/2

[Event "CCT Julius Baer-D3 2024"]
[Site "Online"]
[Date "2024.09.27"]
[Round "1.4"]
[White "Esipenko, Andrey"]
[Black "Kamsky, Gata"]
[Result "0-1"]
[ECO "C50"]
[WhiteElo "2677"]
[BlackElo "2609"]
[Annotator "TA"]
[PlyCount "38"]
[EventDate "2024.09.25"]
[EventType "swiss"]
[EventCountry "NET"]
[SourceTitle "playchess.com"]
[Source "ChessBase"]
[SourceQuality "1"]
[TimeControl "600+2"]

1. e4 e5 2. Nf3 Nc6 3. Bc4 Bc5 4. d3 Nf6 5. Bg5 h6 6. Bh4 Be7 7. Bg3 d6 8. a4 a5 {[%emt 0:00:03] White has an edge.} 9. O-O O-O 10. c3 Kh8 (10... Nh5 $11 {is more appropriate.}) 11. Qb3 Nd7 12. d4 Bf6 13. Rd1 Qe7 14. Na3 Nb6 15. dxe5 Nxe5 16. Nxe5 Bxe5 17. Bxe5 dxe5 18. Nb5 Bg4 {[%emt 0:00:30][%cal Ob6c4] [#] And now ...Nxc4! would win.} 19. Rd2 (19. Rdb1 $15) 19... Qg5 {[%emt 0:00:03] Weighted Error Value: White=0.26 (precise) /Black=0.09 (flawless) .  Mistake:       	White=1     	Black=1      Inaccurate:     	White=4     	---        OK:         	White=3     	Black=3      Best:        	---       	Black=2} 0-1

[Event "CCT Julius Baer-D3 2024"]
[Site "Online"]
[Date "2024.09.27"]
[Round "1.4"]
[White "Svane, Frederik"]
[Black "Theodorou, Nikolas"]
[Result "1/2-1/2"]
[ECO "B30"]
[WhiteElo "2640"]
[BlackElo "2619"]
[Annotator "TA"]
[PlyCount "43"]
[EventDate "2024.09.25"]
[EventType "swiss"]
[EventCountry "NET"]
[SourceTitle "playchess.com"]
[Source "ChessBase"]
[SourceQuality "1"]
[TimeControl "600+2"]

1. e4 c5 2. Nf3 Nc6 3. Bb5 e6 4. Bxc6 bxc6 5. d3 Ne7 6. Nbd2 f6 7. Nh4 d5 8. f4 {[%emt 0:00:12] White is slightly better.} c4 9. dxc4 Ba6 10. b3 Qb6 11. Bb2 dxc4 12. Qf3 {[%emt 0:00:36] Against Qe3+} Ng6 13. Nxg6 (13. Nxc4 $2 Bxc4 14. Nxg6 hxg6 $19) 13... hxg6 14. O-O-O (14. Nxc4 $2 Bxc4 15. O-O-O Ba6 $19) 14... Bb4 {[%emt 0:00:34] [#]} (14... cxb3 $14 15. axb3 Rd8) 15. Qg4 (15. bxc4 $6 Rb8 16. Nb3 Bxc4 $11) (15. Nb1 $1 $16) 15... c3 $2 {[%emt 0:01:06] [#]} (15... Kf7 $11 {and Black has nothing to worry.} 16. Nf3 Bc8) 16. Qxe6+ $2 (16. Bxc3 $1 $18 Kf7 (16... Bxc3 $2 {is the wrong capture.} 17. Nc4 $18) 17. Bxb4 Qxb4 18. e5) 16... Kf8 $11 {[%emt 0:00:01] The position is equal.} 17. Bxc3 Bxc3 {[%emt 0:00:00] This pair of bishops is nice.} 18. Qd6+ Kf7 (18... Kg8 $5 19. Qe6+ $8 Kf8 20. Qd6+ Ke8 (20... Kf7 21. Qd7+ Kf8 22. Qd6+ $11) 21. Qe6+ Kf8 $11) 19. Qd7+ Kf8 {[%emt 0:00:00] Threatens to win with ...Qc5.} (19... Kg8 $5 20. Qe6+ $8 Kf8 21. Qd6+ Kg8 (21... Kf7 22. Qd7+ Kf8 23. Qd6+ $11) 22. Qe6+ Kf8 $11) 20. Qd6+ Kf7 (20... Kg8 $5 21. Qe6+ $8 Kf8 22. Qd6+ $11) 21. Qd7+ Kf8 {[%emt 0:00:01] ...Qc5 is the strong threat.} (21... Kg8 $5 22. Qe6+ $8 Kf8 23. Qd6+ $11) 22. Qd6+ {[%emt 0:00:01] Weighted Error Value: White=0.22 (precise) /Black=0.32.  Loses game:     	---       	Black=1      Missed win:     	White=1     	---        Mistake:       	White=1     	Black=1      Inaccurate:     	White=2     	Black=3      OK:         	White=10    	Black=3      Best:        	White=2     	Black=1} 1/2-1/2